 Dungeon Crawl Stone Soup version 0.29-a0-822-ga620ab95ad (webtiles) character file.

Game seed: 5666025718681210411

8 British0li the Slasher (level 2, 22/22 HPs)
             Began as a Demonspawn Gladiator on July 8, 2022.
             Got out of the dungeon alive.
             The game lasted 00:00:36 (442 turns).

British0li the Slasher (Demonspawn Gladiator)        Turns: 442, Time: 00:00:37

Health: 22/22      AC:  4    Str: 14    XL:     2   Next: 0%
Magic:  2/2        EV: 12    Int:  9    God:
Gold:   9          SH:  0    Dex: 14    Spells: 1/1 levels left

rFire   . . .      SeeInvis .   a - +0 long sword
rCold   . . .      Faith    .   (no shield)
rNeg    . . .      Spirit   .   b - +0 leather armour
rPois   .          Reflect  .   c - +0 helmet
rElec   .          Harm     .   (no cloak)
rCorr   .          Rampage  .   (no gloves)
Will    .....                   (no boots)
Stlth   +.........              (no amulet)
HPRegen 0.07/turn               (no ring)
MPRegen 0.16/turn               (no ring)

@: no status effects
A: magic regeneration
a: no special abilities


You escaped.
You visited 1 branch of the dungeon, and saw 1 of its levels.

You collected 9 gold pieces.

Inventory:

Hand Weapons
 a - a +0 long sword (weapon)
Missiles
 d - 3 throwing nets (quivered)
 e - a javelin
Armour
 b - a +0 leather armour (worn)
 c - a +0 helmet (worn)
Scrolls
 g - a scroll of summoning {unknown}
 h - a scroll of blinking {unknown}
Potions
 f - a potion of curing {unknown}


   Skills:
 * Level 2.2 Fighting
 * Level 2.8 Long Blades
 - Level 2.0 Throwing
 + Level 2.8 Dodging


You had one spell level left.
You didn't know any spells.
Your spell library was empty.

Dungeon Overview and Level Annotations

Branches:
Dungeon (1/15)

Altars:


Innate Abilities, Weirdness & Mutations

You regenerate magic rapidly.


Message History

You kill the jackal!
The jackal bites you but does no damage.
You hit the jackal.
The jackal is heavily wounded.
The jackal bites you but does no damage. x2
You hit the jackal but do no damage.
The jackal is heavily wounded.
The jackal barely misses you. The jackal closely misses you.
You slash the jackal!
You kill the jackal!
Your Throwing skill increases to level 2!
There is an open door, spattered with blood here.
You see here a jackal corpse.
You see here a +0 dagger.
You open the door.
Found a stone staircase leading down.
No target in view!
There is an open door here.
There is a stone staircase leading down here.
You open the door.
A ball python comes into view.
Found a leather armour.
There is an open door here.
A ball python is nearby!
A ball python is nearby!
The ball python barely misses you. The ball python grabs you.
The ball python constricts you.
A ball python is nearby!
You slash the ball python!
You kill the ball python!
You have reached level 2!
Your demonic ancestry asserts itself...
Your magic begins to regenerate rapidly.
There is an open door here.
There is an open door here.
There is an open door, spattered with blood here.
You see here a jackal corpse.
There is a staircase leading out of the dungeon here.
Are you sure you want to leave the Dungeon?
This will make you lose the game!
You have escaped!

#..# #........#.#
#.#
#..####........#.#
#.#
#..............#.#
#+#
#.........###..#.#
#.........# #..#.#
#..#####..# #..#
#..# #..###..#
#..# #.......#
#..# #.@.....#
#..# #.......#
#..# #...##..#
#..#####...##..#
#.......)......#
#..............#
#..............#
################


There were no monsters in sight!

Vanquished Creatures
  An endoplasm (D:1)
  3 jackals (D:1)
  A ball python (D:1)
  A bat (D:1)
  A frilled lizard (D:1)
  A rat (D:1)
8 creatures vanquished.

Notes
Turn   | Place    | Note
-------+----------+-------------------------------------------
     0 | D:1      | British0li the Demonspawn Gladiator began the quest for the
                  | Orb.
     0 | D:1      | Reached XP level 1. HP: 16/16 MP: 1/1
   392 | D:1      | Gained mutation: You regenerate magic rapidly. [demonic
                  | ancestry]
   392 | D:1      | Reached XP level 2. HP: 22/22 MP: 2/2
   442 | D:$      | Got out of the dungeon alive.

Illustrated notes

Levels and vault maps discovered:
D:1:      dpeg_arrival_boxorama, layout_basic, bh_walls_and_bars

Skill      XL: |  1 |
---------------+----+-----
Throwing       | 2 |  2.0
Fighting       | |  2.2
Long Blades    | |  2.8
Dodging        | |  2.8

Action                   || total
-------------------------++-------
Melee: Long sword        ||    33
       Punch             ||     1
Armor: Leather armour    ||    16
Dodge: Dodged            ||    32

Table legend: (Time is in decaauts)
 A = Elapsed time spent in this place.
 B = Non-inter-level travel time spent in this place.
 C = Inter-level travel time spent in this place.
 D = Time resting spent in this place.
 E = Time spent auto-exploring this place.
 F = Levels seen in this place.
 G = Mean time per level.
                   A        B        C        D        E       F      G
               +--------+--------+--------+--------+--------+-----+--------+
         Total |    450 |    401 |     49 |      0 |    326 |   1 |  450.0 |
       Dungeon |    450 |    401 |     49 |      0 |    326 |   1 |  450.0 |
               +--------+--------+--------+--------+--------+-----+--------+

Top non-repeatable levels by time:
     D:1: 450 daAuts
